 Dungeon Crawl Stone Soup version 0.30-a0-371-gad7725a93e (webtiles) character file.

Game seed: 14240605247672534881

35 mopl the Sneak (level 3, -1/16 HPs)
             Began as a Vine Stalker Enchanter on Nov 22, 2022.
             Slain by Natasha (2 damage)
             ... on level 2 of the Dungeon.
             The game lasted 00:01:36 (1107 turns).

mopl the Sneak (Vine Stalker Enchanter)             Turns: 1107, Time: 00:01:37

Health: -1/16      AC:  2    Str: 10    XL:     3   Next: 33%
Magic:  0/7        EV: 12    Int: 17    God:
Gold:   43         SH:  0    Dex: 14    Spells: 2/7 levels left

rFire   . . .      SeeInvis .    a - +1 dagger
rCold   . . .      Faith    .    (no shield)
rNeg    . . .      Spirit   +    b - +0 robe
rPois   .          Reflect  .    (no helmet)
rElec   .          Harm     .    (no cloak)
rCorr   .          Rampage  .    (no gloves)
Will    .....                    (no boots)
Stlth   +++.......               (no amulet)
HPRegen 0.22/turn                (no ring)
MPRegen 0.10/turn                (no ring)

@: no status effects
A: fangs 2, magic shield, antimagic bite, no potion heal 2
a: no special abilities


You were on level 2 of the Dungeon.
You visited 1 branch of the dungeon, and saw 2 of its levels.

You collected 43 gold pieces.

Inventory:

Hand Weapons
 a - a +1 dagger (weapon)
Armour
 b - a +0 robe (worn)
Scrolls
 e - a scroll of identify {unknown}
Potions
 c - 2 potions of invisibility
 d - a potion of berserk rage {unknown}
 f - a potion of lignification {unknown}


   Skills:
 + Level 1.5 Short Blades
 - Level 1.5 Dodging
 + Level 4.1 Stealth
 + Level 2.5 Spellcasting
 + Level 3.3 Hexes
 + Level 0.6 Ice Magic


You had 2 spell levels left.
You knew the following spells:

 Your Spells              Type           Power      Damage    Failure   Level
b - Ensorcelled Hibernat  Hex/Ice        16%        N/A       12%         2
d - Tukima's Dance        Hex            13%        N/A       14%         3

Your spell library contained the following spells:

 Spells                   Type           Power      Damage    Failure   Level
 Confusing Touch          Hex            13%        N/A       14%         3
 Dazzling Flash           Conj/Hex       14%        N/A       28%         3


Dungeon Overview and Level Annotations

Branches:
Dungeon (2/15)

Altars:

Annotations:
D:2 Natasha


Innate Abilities, Weirdness & Mutations

You have extremely sharp teeth.
When hurt, damage is shared between your health and your magic reserves.
Your bite disrupts and absorbs the magic of your enemies.
Potions cannot restore your health.


Message History

You are too injured to fight recklessly!
You are too injured to fight recklessly!
You are too injured to fight recklessly!
You hit Natasha.
Natasha is lightly wounded.
Natasha claws you.
* * * LOW HITPOINT WARNING * * *
You hit Natasha but do no damage. You bite Natasha.
Natasha's magic leaks into the air.
You drain her magic.
You feel invigorated.
Natasha is moderately wounded.
Natasha falters for a moment.
You miss Natasha.
Natasha is moderately wounded.
Natasha falters for a moment.
You hit Natasha.
Natasha is moderately wounded.
A jackal comes into view.
Natasha closely misses you.
You barely miss Natasha.
The jackal barks!
Your bite misses Natasha.
Natasha is moderately wounded.
You hear a shout!
You hear a bark! x2
You hit Natasha.
Natasha is heavily wounded.
Natasha claws you.
You hit Natasha.
Natasha is severely wounded.
Natasha falters for a moment.
You barely miss Natasha. You bite Natasha.
Natasha's magic leaks into the air.
You drain her magic.
You feel invigorated.
Natasha is almost dead.
Natasha claws you!
* * * LOW HITPOINT WARNING * * *
Your magical contamination has completely faded away.
You barely miss Natasha. Your bite misses Natasha.
Natasha is almost dead.
A jackal comes into view.
Natasha claws you.
You die...

.##.....##.#............
.....#.##.......†.......
.##..#.##..#............
...........#####......##
##...####.## #......##
#........# #$.......
#...###^.# ##.....###
##. #..# #.......# #
#..# #.@.....# ...#
#h##...... .... ..5
.##.#. ...###.##. .. .#
# .K ..# # .. #. ##h #.
#.


You could see Natasha (magic disrupted), a crimson imp (summoned), a jackal and
a kobold.

Vanquished Creatures
  A dart slug (D:1)
  7 ball pythons
  5 bats
  An endoplasm (D:1)
  5 goblins
  2 hobgoblins
  A quokka (D:1)
  2 frilled lizards (D:1)
  3 kobolds (D:1)
  2 rats (D:1)
29 creatures vanquished.

Notes
Turn   | Place    | Note
-------+----------+-------------------------------------------
     0 | D:1      | mopl the Vine Stalker Enchanter began the quest for the
                  | Orb.
     0 | D:1      | Reached XP level 1. HP: 9/9 MP: 4/4
    94 | D:1      | Reached skill level 1 in Short Blades
   205 | D:1      | Reached XP level 2. HP: 13/13 MP: 6/6
   212 | D:1      | Learned a level 2 spell: Ensorcelled Hibernation
   418 | D:1      | Reached skill level 4 in Stealth
   648 | D:1      | Reached XP level 3. HP: 16/16 MP: 7/7
   652 | D:1      | Learned a level 3 spell: Tukima's Dance
  1093 | D:2      | Noticed Natasha
  1107 | D:2      | Slain by Natasha

Illustrated notes

Levels and vault maps discovered:
D:1:      dpeg_arrival_pits, layout_loops_corners, serial_aquarium,
          aquarium_bridge_straight [aquarium_subvault_bridge,
          aquarium_subvault_window, aquarium_subvault_bridge,
          aquarium_subvault_wall], aquarium_bridge_square
          [aquarium_subvault_bridge, aquarium_subvault_wall,
          aquarium_subvault_window, aquarium_subvault_bridge],
          aquarium_window_corner, aquarium_window_double, aquarium_window_fake,
          aquarium_window_2, aquarium_view_2g, aquarium_pool_double
D:2:      layout_loops_cross, shapermc_ecumenical_altar_mp_vishouse,
          serial_shops, nicolae_shop_advertising_works
          [nicolae_subvault_shop_adworks], nicolae_shop_waterfront,
          minmay_between, uniq_natasha

Skill      XL: |  1  2 |
---------------+-------+-----
Short Blades   | 1 |  1.5
Stealth        | 4 |  4.1
Dodging        | |  1.5
Spellcasting   | |  2.5
Hexes          | |  3.3
Ice Magic      | |  0.6

Action                   || total
-------------------------++-------
Melee: Dagger            ||    80
       Bite              ||    11
 Cast: Ensorcelled Hiber ||     1
 Stab: Sleeping          ||    11
Armor: Robe              ||    12
Dodge: Dodged            ||    45

Table legend: (Time is in decaauts)
 A = Elapsed time spent in this place.
 B = Non-inter-level travel time spent in this place.
 C = Inter-level travel time spent in this place.
 D = Time resting spent in this place.
 E = Time spent auto-exploring this place.
 F = Levels seen in this place.
 G = Mean time per level.
                   A        B        C        D        E       F      G
               +--------+--------+--------+--------+--------+-----+--------+
         Total |   1101 |   1023 |     78 |      0 |    817 |   2 |  550.5 |
       Dungeon |   1101 |   1023 |     78 |      0 |    817 |   2 |  550.5 |
               +--------+--------+--------+--------+--------+-----+--------+

Top non-repeatable levels by time:
     D:1: 1021 daAuts
     D:2: 80 daAuts
